 Dungeon Crawl Stone Soup version 0.28.0 (webtiles) character file.

Game seed: 940324437190472647

305 PoweredByGinger the Chopper (level 6, -14/44 HPs)
             Began as a Demonspawn Gladiator on Feb 10, 2022.
             Killed from afar by a gargoyle (15 damage)
             ... with a stone arrow
             ... on level 6 of the Dungeon.
             The game lasted 00:03:24 (4113 turns).

PoweredByGinger the Chopper (Demonspawn Gladiator)  Turns: 4113, Time: 00:03:25

Health: -14/44     AC: 10    Str: 16    XL:     6   Next: 15%
Magic:  6/6        EV: 15    Int: 10    God:
Gold:   234        SH:  0    Dex: 14    Spells: 5/5 levels left

rFire   . . .      SeeInvis .   a - +0 war axe
rCold   . . .      Faith    .   (no shield)
rNeg    . . .      Spirit   .   q - +3 ring mail
rPois   .          Reflect  .   c - +0 helmet
rElec   .          Harm     .   (no cloak)
rCorr   +          Rampage  .   l - +0 pair of gloves
Will    .....                   (no boots)
Stlth   +.........              (no amulet)
HPRegen 0.14/turn               n - ring of resist corrosion
MPRegen 0.10/turn               y - +4 ring of evasion

@: no status effects
A: spiny 2
a: no special abilities


You were on level 6 of the Dungeon.
You visited 1 branch of the dungeon, and saw 6 of its levels.

You collected 234 gold pieces.

Inventory:

Hand Weapons
 a - a +0 war axe (weapon)
 m - a +0 battleaxe
 u - a +0 shortbow
Missiles
 s - 22 bolts
 v - 12 arrows
 w - 13 poisoned darts (quivered)
Armour
 c - a +0 helmet (worn)
 l - a +0 pair of gloves (worn)
 q - a +3 ring mail (worn)
Jewellery
 j - an amulet of faith
 n - a ring of resist corrosion (left hand)
 y - a +4 ring of evasion (right hand)
Scrolls
 f - 2 scrolls of noise {unknown}
 g - a scroll of summoning {unknown}
 k - 4 scrolls of identify {unknown}
 p - a scroll of enchant armour {unknown}
 r - a scroll of silence {unknown}
 x - a scroll of holy word {unknown}
Potions
 b - a potion of degeneration {unknown}
 e - 2 potions of flight {unknown}
 h - 2 potions of curing {unknown}
 i - 2 potions of might {unknown}
 o - 2 potions of haste {unknown}
 t - a potion of heal wounds {unknown}


   Skills:
 + Level 2.0 Fighting
 * Level 6.3 Axes
 - Level 1.7 Throwing
 - Level 2.6 Dodging


You had 5 spell levels left.
You didn't know any spells.
Your spell library contained the following spells:

 Spells                   Type           Power      Damage    Failure   Level
 Sandblast                Erth           0%         2d4       58%         1
 Passwall                 Tmut/Erth      0%         N/A       73%         2
 Stone Arrow              Conj/Erth      0%         3d7       91%         3
 Iskenderun's Battlesphe  Conj           0%         2d6       100%        5
 Iron Shot                Conj/Erth      0%         9d1       100%        6
 Spellforged Servitor     Conj/Summ      0%         N/A       100%        7


Dungeon Overview and Level Annotations

Branches:
Dungeon (6/15)
 Temple: D:4-7

Altars:
Hepliaklqana


Innate Abilities, Weirdness & Mutations

You are mostly covered in sharp spines.


Message History

The net rips apart, and the gargoyle comes free!
Throw: throwing net
Press: ? - help, Q - select action, (/) - cycle Shift-Dir - straight line, f/p - gargoyle
Aim: a gargoyle, wielding a +0 flail (heavily damaged, 74% to hit)
You throw a throwing net. The throwing net hits the gargoyle.
The gargoyle is caught in the net!
The gargoyle is heavily damaged.
The gargoyle struggles against the net.
Unknown command.
You hit the gargoyle but do no damage.
The gargoyle is heavily damaged.
The gargoyle struggles against the net. x2
You catch the helpless gargoyle completely off-guard!
You hit the gargoyle but do no damage.
The gargoyle is heavily damaged.
The gargoyle struggles against the net.
You catch the helpless gargoyle completely off-guard!
You hit the gargoyle but do no damage.
The gargoyle is heavily damaged.
The gargoyle hurls a stone arrow at you.
The stone arrow hits you!
The gargoyle struggles against the net.
You catch the helpless gargoyle completely off-guard!
You hit the gargoyle but do no damage.
The gargoyle is heavily damaged.
You slash the gargoyle!
The gargoyle is almost destroyed.
The gargoyle hurls a stone arrow at you.
The stone arrow hits you!
* * * LOW HITPOINT WARNING * * *
The gargoyle struggles against the net.
The net rips apart, and the gargoyle comes free!
Okay, then.
You hit the gargoyle but do no damage.
The gargoyle is almost destroyed.
The gargoyle barely misses you.
You hit the gargoyle but do no damage.
The gargoyle is almost destroyed.
The gargoyle hurls a stone arrow at you.
The stone arrow hits you!
You die...

#...............#
#..>............# ####
#...............#
###...###...........^.##
.....................##
#..#...#......#.####
#......#.####
#..#.#..###.#
.........@9..#
#..?........#!...
.....#...........
...###......#.... ..
#.......# ... #
#........ #. ........##
#........#


You could see a gargoyle.

Vanquished Creatures
  A necrophage (D:3)
  A centaur (D:4)
  A bullfrog skeleton (D:4)
  4 adders
  A worm (D:2)
  4 dart slugs
  2 orcs
  5 bats
  3 endoplasms (D:1)
  3 giant cockroaches
  4 goblins
  7 hobgoblins
  7 jackals (D:1)
  2 quokkas
  6 ball pythons
  5 frilled lizards
  10 kobolds
  5 rats
71 creatures vanquished.

Notes
Turn   | Place    | Note
-------+----------+-------------------------------------------
     0 | D:1      | PoweredByGinger the Demonspawn Gladiator began the quest
                  | for the Orb.
     0 | D:1      | Reached XP level 1. HP: 16/16 MP: 1/1
   119 | D:1      | Reached skill level 3 in Axes
   289 | D:1      | Gained mutation: You are partially covered in sharp spines.
                  | [demonic ancestry]
   289 | D:1      | Reached XP level 2. HP: 14/22 MP: 2/2
   798 | D:1      | Gained mutation: You are mostly covered in sharp spines.
                  | [demonic ancestry]
   798 | D:1      | Reached XP level 3. HP: 25/27 MP: 3/3
  1176 | D:1      | Reached skill level 4 in Axes
  1292 | D:2      | Noticed an eye of devastation
  1345 | D:2      | Noticed an eye of devastation
  1347 | D:2      | Found a faded altar of an unknown god.
  1348 | D:2      | Noticed a great orb of eyes
  1348 | D:2      | Noticed an eye of devastation
  2077 | D:2      | Reached XP level 4. HP: 33/33 MP: 4/4
  3119 | D:3      | Noticed a necrophage
  3127 | D:3      | Killed a necrophage
  3128 | D:3      | Reached skill level 5 in Axes
  3128 | D:3      | Reached XP level 5. HP: 28/38 MP: 5/5
  3258 | D:3      | Found a hazy altar of Hepliaklqana.
  3521 | D:4      | Noticed a centaur
  3533 | D:4      | Killed a centaur
  3534 | D:4      | Reached skill level 6 in Axes
  3534 | D:4      | Reached XP level 6. HP: 39/44 MP: 6/6
  4053 | D:5      | Entered Level 5 of the Dungeon
  4092 | D:6      | Noticed a gargoyle
  4111 | D:6      | HP: 1/44 [gargoyle/stone arrow (15)]
  4113 | D:6      | Killed from afar by a gargoyle

Illustrated notes

Levels and vault maps discovered:
D:1:      co_arrival_two_rings, layout_basic
D:2:      layout_basic, hellmonk_ecumenical_altar_watching_god,
          kennysheep_generic_room_14
D:3:      layout_rooms, general_overflow_altar
D:4:      layout_loops_ring
D:5:      layout_basic, mainiacjoe_overflow_24_doors, amcnicky_altar_gilded,
          minmay_temple_entry_grid
D:6:      layout_rooms, lightli_ossuary_entry_decrepit_ruins,
          minmay_shop_damaged

Skill      XL: |  1  2  3  4  5 |
---------------+----------------+-----
Axes           | 3 4 5 6 |  6.3
Fighting       | |  2.0
Throwing       | |  1.7
Dodging        | |  2.6

Action                   |  1- 3 |  4- 6 || total
-------------------------+-------+-------++-------
Melee: War axe           |    70 |    61 ||   131
Throw: Throwing net      |       |     3 ||     3
 Stab: Held in net/web   |       |     6 ||     6
Armor: Leather armour    |     2 |       ||     2
       Ring mail         |    23 |    26 ||    49
Dodge: Dodged            |    36 |    33 ||    69
